 Dungeon Crawl Stone Soup version 0.30-a0-1160-g6e42c06551 (webtiles) character file.

Game seed: 9664950483200424836

253 Orangeyouglad the Ducker (level 6, 0/49 HPs)
             Began as a Human Monk on Apr 26, 2023.
             Slain by a sleepcap (12 damage)
             ... on level 4 of the Dungeon.
             The game lasted 00:05:31 (2425 turns).

Orangeyouglad the Ducker (Human Monk)               Turns: 2425, Time: 00:05:32

Health: 0/49       AC:  6    Str: 14    XL:     6   Next: 37%
Magic:  6/6        EV:  2    Int: 10    God:
Gold:   104        SH:  0    Dex: 15    Spells: 5/5 levels left

rFire   . . .        a - +0 falchion
rCold   . . .        d - orb {light}
rNeg    + . .        k - +0 leather armour
rPois   .            (no helmet)
rElec   .            w - +0 cloak
rCorr   .            g - +0 pair of gloves
SInv    .            o - +0 pair of boots
Will    .....        (no amulet)
Stlth   +            m - ring of positive energy
HPRegen 0.28/turn    r - ring of flight
MPRegen 0.10/turn

%: no passive effects
@: sleeping, flying, glowing
A: no striking features
a: no special abilities


You were on level 4 of the Dungeon.
You visited 1 branch of the dungeon, and saw 4 of its levels.

You collected 132 gold pieces.
You spent 28 gold pieces at shops.

Inventory:

Hand Weapons
 a - a +0 falchion (weapon)
Missiles
 l - 4 boomerangs (quivered)
Armour
 b - a +0 robe
 d - an orb of light (worn)
 g - a +0 pair of gloves (worn)
 k - a +0 leather armour (worn)
 o - a +0 pair of boots (worn)
 w - a +0 cloak (worn)
Jewellery
 m - a ring of positive energy (left hand)
 r - a ring of flight (right hand)
Scrolls
 e - a scroll of fog
 j - a scroll of brand weapon {unknown}
 n - 3 scrolls of blinking {unknown}
 s - a scroll of fear {unknown}
 v - 3 scrolls of teleportation
 y - a scroll of amnesia {unknown}
Potions
 c - 2 potions of ambrosia
 f - 2 potions of heal wounds {unknown}
 h - 3 potions of curing
 i - 3 potions of mutation
 p - a potion of cancellation {unknown}
 q - 2 potions of brilliance {unknown}
 t - a potion of magic {unknown}
 u - a potion of haste {unknown}
 x - a potion of might {unknown}


   Skills:
 + Level 4.5 Fighting
 + Level 4.5 Long Blades
 + Level 4.5 Dodging


You had 5 spell levels left.
You didn't know any spells.
Your spell library contained the following spells:

 Spells                   Type           Power      Damage    Failure   Level
 Summon Small Mammal      Summ           0%         N/A       43%         1
 Cigotuvi's Dreadful Rot  Necr/Pois/Air  0%         N/A       58%         2
 Static Discharge         Conj/Air       0%         2-2/arc   58%         2
 Call Canine Familiar     Summ           0%         N/A       82%         3
 Dazzling Flash           Conj/Hex       0%         N/A       82%         3
 Stone Arrow              Conj/Erth      0%         3d7       82%         3
 Summon Guardian Golem    Hex/Summ       0%         N/A       82%         3
 Volatile Blastmotes      Fire/Tloc      0%         2d10      82%         3
 Animate Armour           Summ/Erth      0%         N/A       99%         4
 Iskenderun's Mystic Bla  Conj/Tloc      0%         2d3       99%         4
 Alistair's Intoxication  Tmut/Pois      0%         N/A       100%        5
 Borgnjor's Vile Clutch   Necr/Erth      0%         N/A       100%        5
 Conjure Ball Lightning   Conj/Air       0%         3x3d6     100%        6
 Eringya's Noxious Bog    Tmut/Pois      0%         N/A       100%        6
 Starburst                Conj/Fire      0%         6d3       100%        6
 Haunt                    Necr/Summ      0%         N/A       100%        7
 Lehudib's Crystal Spear  Conj/Erth      0%         10d2      100%        8


Dungeon Overview and Level Annotations

Branches:
Dungeon (4/15)
 Temple: D:4-7

Altars:

Shops:
D:2 (?

Annotations:
D:4 Dowan, Duvessa


Message History

You hear a bark!
You hit the sleepcap but do no damage.
The sleepcap is lightly damaged.
You hear an angry hiss.
A hound comes into view.
The sleepcap barely misses you.
You hit the sleepcap.
The sleepcap is moderately damaged.
The sleepcap closely misses you.
You hit the sleepcap.
The sleepcap is heavily damaged.
The sleepcap releases spores at you but does no damage.
You hit the sleepcap but do no damage.
The sleepcap is heavily damaged.
The sleepcap releases spores at you.
The hound pauses to sniff the ground.
You hit the sleepcap.
The sleepcap is heavily damaged.
The sleepcap releases spores at you but does no damage.
You hit the sleepcap but do no damage.
The sleepcap is heavily damaged.
The sleepcap releases spores at you but does no damage.
The sleepcap releases spores at you.
You are engulfed in a cloud of soporific spores!
You fall asleep.
The sleepcap releases spores at you!
You wake up.
You slash the sleepcap!
The sleepcap is almost destroyed.
The sleepcap releases spores at you.
You hit the sleepcap but do no damage.
The sleepcap is almost destroyed.
The sleepcap closely misses you.
You hit the sleepcap.
The sleepcap is almost destroyed.
The sleepcap releases spores at you.
* * * LOW HITPOINT WARNING * * *
You are engulfed in a cloud of soporific spores!
You fall asleep.
The sleepcap releases spores at you!
You die...

# #..##
#
##.#.##
#######
#.###.#
.......
##.#.##
######.
##.##
..# #.#
#.# #.#
#.##
#†#
....
#@#
.###
#f# .##


.Jh ..# ..#.. ..# .#. ..# # #.## ... . . .... .. . ....# . You could see a
sleepcap, a hound and an endoplasm.

Vanquished Creatures
  2 orc wizards
  3 iguanas
  3 gnolls (D:3)
  An adder (D:2)
  4 worms
  3 dart slugs
  6 orcs
  2 ball pythons
  4 endoplasms
  10 giant cockroaches (D:2)
  2 goblins
  5 hobgoblins
  2 jackals (D:1)
  2 quokkas
  2 bats
  A frilled lizard (D:3)
  6 kobolds
  5 rats
63 creatures vanquished.

Notes
Turn   | Place    | Note
-------+----------+-------------------------------------------
     0 | D:1      | Orangeyouglad the Human Monk began the quest for the Orb.
     0 | D:1      | Reached XP level 1. HP: 18/18 MP: 1/1
    13 | D:1      | Found a faded altar of an unknown god.
   107 | D:1      | Reached XP level 2. HP: 18/24 MP: 2/2
   470 | D:2      | Reached XP level 3. HP: 29/29 MP: 3/3
   698 | D:2      | Found The Oracle's Delphic Readings.
   702 | D:2      | Bought a scroll of identify for 28 gold pieces
   806 | D:2      | Reached XP level 4. HP: 33/35 MP: 4/4
   816 | D:2      | Found Ubax's Weapon Emporium.
  1028 | D:2      | Got the Collected Works on Company and Weather
  1456 | D:3      | Reached XP level 5. HP: 36/42 MP: 5/5
  2011 | D:4      | Noticed Dowan
  2012 | D:4      | Noticed Duvessa
  2110 | D:4      | Reached XP level 6. HP: 46/48 MP: 6/6
  2425 | D:4      | Slain by a sleepcap

Illustrated notes

Levels and vault maps discovered:
D:1:      dreamdust_arrival_sigmund_warning, layout_rooms,
          basic_ecumenical_altar
D:2:      minmay_roachtagon, layout_rooms, serial_shops, shop_fountains,
          nicolae_nh_oracle_at_delphi
D:3:      layout_basic
D:4:      layout_loops_ring, uniq_robin, uniq_duvessa

Skill      XL: |  1  2  3  4  5 |
---------------+----------------+-----
Long Blades    | 4 |  4.5
Dodging        | 4 |  4.5
Fighting       | 4 |  4.5

Action                     |  1- 3 |  4- 6 || total
---------------------------+-------+-------++-------
  Melee: Falchion          |    69 |   149 ||   218
  Throw: Boomerang         |     3 |    27 ||    30
    Use: Scroll            |     3 |     3 ||     6
 Armour: Robe              |     2 |       ||     2
         Leather armour    |    13 |    55 ||    68
  Dodge: Dodged            |    44 |   111 ||   155

Table legend: (Time is in decaauts)
 A = Elapsed time spent in this place.
 B = Non-inter-level travel time spent in this place.
 C = Inter-level travel time spent in this place.
 D = Time resting spent in this place.
 E = Time spent auto-exploring this place.
 F = Levels seen in this place.
 G = Mean time per level.
                   A        B        C        D        E       F      G
               +--------+--------+--------+--------+--------+-----+--------+
         Total |   2460 |   2386 |     74 |     71 |   1380 |   4 |  615.0 |
       Dungeon |   2460 |   2386 |     74 |     71 |   1380 |   4 |  615.0 |
               +--------+--------+--------+--------+--------+-----+--------+

Top non-repeatable levels by time:
     D:3: 958 daAuts
     D:2: 656 daAuts
     D:1: 428 daAuts
     D:4: 417 daAuts
